 Dungeon Crawl Stone Soup version 0.25-a0-576-g50b708a4c4 (webtiles) character file.

Game seed: 12294947668036774048, levelgen mode: deterministic

81463 DerDa the Warrior (level 15, -17/146 (147) HPs)
             Began as a Minotaur Berserker on Mar 1, 2020.
             Was the Champion of Trog.
             Demolished by an orc warrior
             ... wielding a +0 scimitar
              (29 damage)
             ... on level 2 of the Orcish Mines.
             The game lasted 00:51:03 (17385 turns).

DerDa the Warrior (Minotaur Berserker)             Turns: 17385, Time: 00:51:04

HP:   -17/146 (147) AC: 17    Str: 39    XL:     15   Next: 26%
MP:   20/20         EV: 30    Int:  6    God:    Trog [******]
Gold: 1635          SH:  0    Dex: 23    Spells: 14/14 levels left

rFire    . . .     SeeInvis .   Q - +11 great sword of Fijaemo {vorpal, rC+++ Str+7 Int-2 Dex+4}
rCold    + + +     Gourm    .   (shield currently unavailable)
rNeg     . . .     Faith    +   D - +3 ring mail of Circular Logic {MR+ Int+4 Dex+3}
rPois    .         Spirit   .   (helmet restricted)
rElec    .         Reflect  .   R - +1 cloak "Nacosm" {Dex+4}
rCorr    .         Harm     .   X - +2 pair of gloves of Joy {*Drain MR+ Regen+ Stlth+}
MR       +++..                  (no boots)
Stlth    ++........             L - amulet of faith
HPRegen  0.74/turn              K - +6 ring of strength
MPRegen  0.17/turn              x - +4 ring of evasion

@: no status effects
A: retaliatory headbutt, horns 2
a: Berserk, Trog's Hand, Brothers in Arms, Renounce Religion


You were on level 2 of the Orcish Mines.
You worshipped Trog.
Trog was exalted by your worship.
You were not hungry.

You visited 4 branches of the dungeon, and saw 21 of its levels.
You also visited: Gauntlet.

You collected 1635 gold pieces.

Inventory:

Hand Weapons
 o - a +3 great sword
 z - a +5 antimagic scimitar
 J - a +0 hand crossbow
 Q - the +11 great sword of Fijaemo (weapon) {vorpal, rC+++ Str+7 Int-2 Dex+4}
   (Trog gifted it to you on level 10 of the Dungeon)

   It inflicts extra damage upon your enemies.
   It affects your strength (+7).
   It affects your intelligence (-2).
   It affects your dexterity (+4).
   It renders you almost immune to cold.
 W - a +0 scimitar of flaming
Missiles
 C - 53 bolts
 Y - 23 javelins (quivered)
Armour
 q - a scarf of cloud immunity
 D - the +3 ring mail of Circular Logic (worn) {MR+ Int+4 Dex+3}
   (You found it on level 6 of the Dungeon)

   It affects your intelligence (+4).
   It affects your dexterity (+3).
   It affects your resistance to hostile enchantments.
   If you remove this armour, your AC will decrease by 11 (17 -> 6).
 P - a +0 kite shield
 R - the +1 cloak "Nacosm" (worn) {Dex+4}
   (You found it in a Gauntlet)

   It affects your dexterity (+4).
   If you remove this armour, your AC will decrease by 3 (17 -> 14).
 X - the +2 pair of gloves of Joy (worn) {*Drain MR+ Regen+ Stlth+}
   (You found it in a Gauntlet)

   It affects your resistance to hostile enchantments.
   It increases your rate of regeneration.
   It causes draining when unequipped.
   It makes you more stealthy.
   If you remove this armour, your AC will decrease by 4 (17 -> 13).
Jewellery
 b - an uncursed ring of protection from fire
 n - an uncursed amulet of regeneration
 x - a +4 ring of evasion (right hand)
 K - a +6 ring of strength (left hand)
 L - an amulet of faith (around neck)
Wands
 d - a wand of paralysis (17)
 w - a wand of digging (10)
 y - a wand of polymorph (13)
 A - a wand of acid (13)
 G - a wand of iceblast (27)
 I - a wand of flame (42)
 U - a wand of disintegration (17)
Scrolls
 a - 6 scrolls of magic mapping
 h - 6 scrolls of enchant weapon
 i - 11 scrolls of remove curse
 j - 10 scrolls of teleportation
 r - 5 scrolls of fog
 t - 6 scrolls of enchant armour
 E - 2 scrolls of blinking
 H - 2 scrolls of fear
 M - 3 scrolls of immolation
 N - 2 scrolls of vulnerability
 O - a scroll of brand weapon
 Z - a scroll of silence
Potions
 e - 12 potions of curing {unknown}
 m - 2 potions of mutation
 p - 3 potions of heal wounds
 s - 2 potions of brilliance {unknown}
 u - a potion of ambrosia
 v - 3 potions of stabbing {unknown}
 B - 5 potions of flight {unknown}
 F - 5 potions of haste {unknown}
 T - 2 potions of berserk rage {unknown}
 V - a potion of degeneration {unknown}
Miscellaneous
 f - a phantom mirror
 g - a box of beasts
 l - a lamp of fire
Comestibles
 c - 40 rations
 k - 6 chunks of flesh


   Skills:
 * Level 17.1 Fighting
 + Level 12.9 Long Blades
 + Level 12.7 Armour
 * Level 15.8 Dodging
 + Level 5.0 Shields
 + Level 8.0 Evocations


You had 14 spell levels left.
You didn't know any spells.
Your spell library was empty.

Dungeon Overview and Level Annotations

Branches:
Dungeon (12/15)            Temple (1/1) D:6            Lair (6/6) D:10
 Shoals (0/4) Lair:3       Spider (0/4) Lair:4        Slime (0/5) Lair:5
    Orc (2/2) D:11        Gauntlet (visited)
    Elf: Orc:2

Altars:
Ashenzari
Cheibriados
Dithmenos
Elyvilon
Fedhas
Gozag
Hepliaklqana
Kikubaaqudgha
Makhleb
Nemelex Xobeh
Okawaru
Qazlal
Ru
Sif Muna
Trog
Uskayaw
Vehumet
Wu Jian
Xom
Yredelemnul
Zin
The Shining One
Jiyva

Shops:
D:9 %   D:12 (

Portals:
Abyss: D:10

Annotations:
D:8 exclusion: door


Innate Abilities, Weirdness & Mutations

You reflexively headbutt those who attack you in melee.
You have a pair of horns on your head.


Message History

The orc throws a boomerang.
The boomerang completely misses you.
The weapon returns to the orc!
The orc warrior misses you.
Unknown command.
You are too injured to fight recklessly!
You are too injured to fight recklessly!
Unknown command.
Unknown command.
Unknown command.
You are too injured to fight recklessly!
Unknown command.
Something completely misses you.
You hear some strange, mumbled words.
A puff of flame appears from out of thin air!
The puff of flame hits you.
* * * LOW HITPOINT WARNING * * *
The orc knight unwields a +0 arbalest.
The orc knight wields a +0 war axe.
The orc knight hits you with a +0 war axe!!
* * * LOW HITPOINT WARNING * * *
The orc warrior hits you with a +0 scimitar!!
You die...

...... #......
# .....#.......
#.#...........#
...............
#..............
##.......o.....
.$...o)o)......
......o@)o.....
.....o#o{......
...o. .ho......


Po.. ........o. ooo o#......... To ..#......... . o. .......... o. .........#
You could see 2 orc knights, an orc high priest, a troll, a warg, 9 orc
warriors, an orc priest and 5 orcs.

Vanquished Creatures
  Saint Roka (Orc:1)
  Jorgrun (D:12)
  Rupert (Lair:3)
  A stone giant (Orc:1)
  A minotaur (Gauntlet)
  5 dire elephants (Lair:6)
  An ettin (Orc:1)
  Snorg (D:11)
  Josephine (D:12)
  12 hydras
  An anaconda (Lair:6)
  Erica (Lair:1)
  The ghost of Duffy the Thaumaturge, a journeyman DEEE of Sif Muna (D:10)
  9 death yaks
  Urug (D:11)
  The ghost of Ylaov the Nimble, a journeyman DECj of Sif Muna (D:12)
  Nergalle (D:11)
  A wretched star (D:10)
  A fire crab (Gauntlet)
  An unseen horror (D:11)
  2 oklob plants (Lair:2)
  A necromancer (Gauntlet)
  An ugly thing (D:12)
  An orc sorcerer (Orc:1)
  4 cyclopes (D:11)
  A moth of wrath (Gauntlet)
  4 elephants (Lair:6)
  A deep elf mage (D:12)
  A merfolk siren (Lair:3)
  Joseph (D:10)
  7 spiny frogs
  Psyche (D:10)
  8 black mambas
  3 torpor snails
  4 kobold demonologists
  2 centaur skeletons
  A rime drake (Lair:4)
  Maggie (D:7)
  8 komodo dragons
  A red devil (D:10)
  A queen bee (D:12)
  2 polar bears (Lair:4)
  3 trolls
  2 meliai (D:12)
  Grinder (D:3)
  4 hornets
  A raiju (D:10)
  7 dream sheep
  3 slime creatures (D:6)
  10 hippogriffs
  6 blink frogs
  Sigmund (D:2)
  A centaur simulacrum (D:12)
  5 wraiths
  3 redbacks (Lair:4)
  36 yaks
  A basilisk (D:12)
  2 wyverns
  6 fire bats (Gauntlet)
  A chaos spawn (D:10)
  3 hungry ghosts (D:12)
  8 wargs
  16 water moccasins
  A hell hound (Gauntlet)
  5 porcupines
  5 black bears (D:10)
  3 ice beasts
  11 orc warriors
  2 sky beasts
  4 ogres
  4 necrophages
  3 phantoms
  6 centaurs
  14 wolves
  16 crocodiles
  7 big kobolds
  13 bullfrogs
  A gnoll sergeant (D:10)
  2 wyvern zombies
  5 scorpions
  A water moccasin skeleton (D:6)
  5 killer bees (D:12)
  8 wights
  A howler monkey (D:8)
  3 jellies (D:6)
  3 electric eels (D:11)
  3 crimson imps
  A bullfrog zombie (D:5)
  2 quasits (D:7)
  2 bullfrog skeletons
  4 hounds
  3 human zombies (D:9)
  17 orc priests
  22 orc wizards
  A human skeleton (D:9)
  Crazy Yiuf (D:3)
  Jessica (D:2)
  5 iguanas
  9 worker ants
  A hound zombie (D:9)
  3 hound skeletons
  2 worker ant zombies
  Robin (D:2)
  A mummy (D:9)
  A howler monkey zombie (D:11)
  10 gnolls
  19 adders
  3 shadow imps
  5 oozes
  An adder skeleton (D:6)
  5 worms
  5 dart slugs
  9 leopard geckos
  74 orcs
  6 bats
  3 giant cockroaches
  11 goblins
  13 hobgoblins
  6 jackals
  5 quokkas
  3 ball pythons
  5 frilled lizards
  15 kobolds
  7 rats
  6 plants
633 creatures vanquished.

Vanquished Creatures (others)
  An orc priest (Orc:1)
  A kobold (D:12)
  46 fungi
  7 plants
  11 toadstools (D:6)
66 creatures vanquished.

Grand Total: 699 creatures vanquished

Notes
Turn   | Place    | Note
-------+----------+-------------------------------------------
     0 | D:1      | DerDa the Minotaur Berserker began the quest for the Orb.
     0 | D:1      | Reached XP level 1. HP: 19/19 MP: 0/0
    66 | D:1      | Reached XP level 2. HP: 13/27 MP: 1/1
   236 | D:1      | Reached skill level 4 in Fighting
   507 | D:1      | Reached XP level 3. HP: 33/33 MP: 2/2
   770 | D:2      | Found a snail-covered altar of Cheibriados.
   866 | D:2      | Reached ** piety under Trog
   881 | D:2      | Reached XP level 4. HP: 29/41 MP: 3/3
  1090 | D:2      | Noticed Robin
  1103 | D:2      | Killed Robin
  1110 | D:2      | Noticed Jessica
  1115 | D:2      | Killed Jessica
  1115 | D:2      | Reached XP level 5. HP: 40/47 MP: 4/4
  1167 | D:2      | Noticed Sigmund
  1190 | D:2      | Killed Sigmund
  1190 | D:2      | Reached skill level 5 in Fighting
  1190 | D:2      | Reached XP level 6. HP: 36/56 MP: 5/5
  1616 | D:3      | Reached *** piety under Trog
  1929 | D:3      | Noticed Grinder
  1940 | D:3      | Killed Grinder
  1940 | D:3      | Reached skill level 6 in Fighting
  1940 | D:3      | Reached skill level 5 in Long Blades
  1940 | D:3      | Reached skill level 5 in Dodging
  1940 | D:3      | Reached XP level 7. HP: 44/64 MP: 6/6
  1996 | D:3      | Found a runed translucent door.
  1997 | D:3      | Noticed Crazy Yiuf
  2008 | D:3      | Killed Crazy Yiuf
  2627 | D:4      | Found a bloodstained altar of Trog.
  3098 | D:5      | Entered Level 5 of the Dungeon
  3159 | D:5      | Reached skill level 7 in Fighting
  3303 | D:5      | Reached skill level 5 in Armour
  3506 | D:5      | Reached XP level 8. HP: 68/73 MP: 7/7
  3930 | D:6      | Found a shadowy altar of Dithmenos.
  3998 | D:6      | Got a slimy ring mail
  4008 | D:6      | Identified the +3 ring mail of Circular Logic {MR+ Int+4
                  | Dex+3} (You found it on level 6 of the Dungeon)
  4115 | D:6      | Reached **** piety under Trog
  4124 | D:6      | Reached skill level 8 in Fighting
  4217 | D:6      | Found a staircase to the Ecumenical Temple.
  4237 | Temple   | Entered the Ecumenical Temple
  4786 | D:6      | Noticed a slime creature
  4786 | D:6      | Noticed a slime creature
  4907 | D:6      | Noticed a slime creature
  4948 | D:6      | Killed a slime creature
  4948 | D:6      | Reached skill level 9 in Fighting
  4948 | D:6      | Reached XP level 9. HP: 58/83 MP: 8/8
  5456 | D:7      | Found a stormy altar of Qazlal.
  5470 | D:7      | Reached ***** piety under Trog
  5470 | D:7      | Received a gift from Trog
  5806 | D:7      | Noticed Maggie
  5819 | D:7      | Killed Maggie
  5819 | D:7      | Reached skill level 10 in Fighting
  6436 | D:8      | Reached XP level 10. HP: 94/94 MP: 3/9
  6840 | D:9      | Reached skill level 11 in Fighting
  6894 | D:9      | Found Sugyap's Food Boutique.
  6931 | D:9      | Reached skill level 10 in Dodging
  6979 | D:9      | Received a gift from Trog
  7100 | D:9      | Reached skill level 1 in Evocations
  7277 | D:9      | Found a white marble altar of Elyvilon.
  7334 | D:9      | Found a basalt altar of Yredelemnul.
  7391 | D:10     | Entered Level 10 of the Dungeon
  7391 | D:10     | Noticed Psyche
  7397 | D:10     | Killed Psyche
  7402 | D:10     | Noticed Joseph
  7415 | D:10     | Killed Joseph
  7564 | D:10     | Reached XP level 11. HP: 84/103 MP: 3/11
  7645 | D:10     | Reached skill level 12 in Fighting
  7810 | D:10     | Found a staircase to the Lair.
  7818 | D:10     | Received a gift from Trog
  7870 | D:10     | Got a shimmering great sword {god gift}
  7870 | D:10     | Identified the +11 great sword of Fijaemo {vorpal, rC+++
                  | Str+7 Int-2 Dex+4} (Trog gifted it to you on level 10 of
                  | the Dungeon)
  8192 | D:10     | Found a transporter.
  8199 | D:10     | Noticed Duffy's ghost (journeyman DEEE)
  8215 | D:10     | Noticed a wretched star
  8228 | D:10     | Found a transporter.
  8242 | D:10     | Found a one-way gate to the infinite horrors of the Abyss.
  8485 | D:10     | Killed Duffy's ghost
  8495 | D:10     | Killed a wretched star
  8653 | D:8      | Noticed a three-headed hydra
  8658 | D:8      | Killed a six-headed hydra
  8804 | D:11     | Noticed Nergalle
  8811 | D:11     | Killed Nergalle
  8828 | D:11     | Found a gate leading to a gauntlet.
  8836 | Gauntlet | Entered a Gauntlet
  8836 | Gauntlet | Found a transporter.
  8836 | Gauntlet | Found a transporter.
  8840 | Gauntlet | Found a transporter.
  8842 | Gauntlet | Found a transporter.
  8847 | Gauntlet | Found a transporter.
  8866 | Gauntlet | Noticed a fire crab
  8867 | Gauntlet | Noticed a death drake
  8872 | Gauntlet | Found a transporter.
  8872 | Gauntlet | Found a large runed translucent door.
  8873 | Gauntlet | Found a large runed translucent door.
  8874 | Gauntlet | Found a large runed translucent door.
  8874 | Gauntlet | Found a large runed translucent door.
  8875 | Gauntlet | Found a large runed translucent door.
  8875 | Gauntlet | Found a large runed translucent door.
  8875 | Gauntlet | Found a runed translucent gate.
  8875 | Gauntlet | Found a runed translucent door.
  8875 | Gauntlet | Noticed a death yak
  8875 | Gauntlet | Noticed a necromancer
  8876 | Gauntlet | Found a transporter.
  8876 | Gauntlet | Found a runed translucent gate.
  8876 | Gauntlet | Found a transporter.
  8876 | Gauntlet | Noticed a death yak
  8876 | Gauntlet | Noticed a ghost crab
  8877 | Gauntlet | Found a runed translucent gate.
  8877 | Gauntlet | Noticed a death yak
  8877 | Gauntlet | Noticed a death yak
  8877 | Gauntlet | Noticed a death yak
  8878 | Gauntlet | Found a large runed translucent door.
  8878 | Gauntlet | Found a large runed translucent door.
  8879 | Gauntlet | Found a large runed translucent door.
  8880 | Gauntlet | Found a large runed translucent door.
  8889 | Gauntlet | Found a large runed translucent door.
  8889 | Gauntlet | Found a large runed translucent door.
  8889 | Gauntlet | Found a runed translucent door.
  8898 | Gauntlet | Found a transporter.
  8905 | Gauntlet | Found a transporter.
  8914 | Gauntlet | Found a large runed translucent door.
  8915 | Gauntlet | Found a large runed translucent door.
  8917 | Gauntlet | Found a transporter.
  8973 | Gauntlet | Found a transporter.
  8988 | Gauntlet | Noticed a green death
  8989 | Gauntlet | Found a transporter.
  8990 | Gauntlet | Found the +12 Vampire's Tooth {vamp}
  9005 | Gauntlet | Found a large runed translucent door.
  9005 | Gauntlet | Found a large runed translucent door.
  9082 | Gauntlet | Found a transporter.
  9083 | Gauntlet | Noticed a death scarab
  9091 | Gauntlet | Found a transporter.
  9107 | Gauntlet | Found a transporter.
  9240 | Gauntlet | Reached skill level 13 in Fighting
  9253 | Gauntlet | Killed a fire crab
  9253 | Gauntlet | Reached skill level 10 in Long Blades
  9265 | Gauntlet | Got an ancient cloak
  9276 | Gauntlet | Identified the +1 cloak "Nacosm" {Dex+4} (You found it in a
                  | Gauntlet)
  9309 | Gauntlet | Killed a death yak
  9309 | Gauntlet | Received a gift from Trog
  9309 | Gauntlet | Reached XP level 12. HP: 86/114 MP: 14/14
  9315 | Gauntlet | Killed a death yak
  9318 | Gauntlet | Killed a death yak
  9322 | Gauntlet | Killed a death yak
  9333 | Gauntlet | Killed a death yak
  9333 | Gauntlet | Reached skill level 10 in Armour
  9362 | Gauntlet | Got a pair of polished gloves
  9372 | Gauntlet | Identified the +2 pair of gloves of Joy {*Drain MR+ Regen+
                  | Stlth+} (You found it in a Gauntlet)
  9433 | Gauntlet | Noticed a minotaur
  9438 | Gauntlet | Killed a minotaur
  9446 | Gauntlet | Found the +3 giant club "Skullcrusher" {speed, Str+7}
  9517 | D:11     | Noticed Urug
  9627 | D:11     | Killed Urug
  9709 | D:11     | Found a staircase to the Orcish Mines.
  9711 | D:11     | Reached skill level 5 in Evocations
  9879 | D:11     | Reached skill level 14 in Fighting
  9931 | D:11     | Noticed Snorg
 10080 | D:11     | Found a sacrificial altar of Ru.
 10201 | D:11     | Received a gift from Trog
 10600 | D:11     | Killed Snorg
 10734 | D:12     | Noticed Jorgrun
 10739 | D:12     | Killed Jorgrun
 10739 | D:12     | Reached XP level 13. HP: 89/124 MP: 16/16
 10770 | D:12     | Noticed Josephine
 10895 | D:12     | Killed Josephine
 11143 | D:12     | Found Hichageo's Weapon Shop.
 11228 | D:12     | Found a transporter.
 11228 | D:12     | Noticed Ylaov's ghost (journeyman DECj)
 11232 | D:12     | Found a transporter.
 11462 | D:12     | Received a gift from Trog
 11469 | D:12     | Reached skill level 15 in Fighting
 11478 | D:12     | Killed Ylaov's ghost
 11598 | Lair:1   | Entered Level 1 of the Lair of Beasts
 11630 | Lair:1   | Noticed Erica
 11637 | Lair:1   | Killed Erica
 11829 | Lair:1   | Found a snail-covered altar of Cheibriados.
 13015 | Lair:2   | Received a gift from Trog
 13417 | Lair:3   | Noticed Rupert
 13426 | Lair:3   | Killed Rupert
 13426 | Lair:3   | Reached XP level 14. HP: 121/135 MP: 18/18
 14072 | Lair:3   | Found a staircase to the Shoals.
 14276 | Lair:4   | Reached skill level 16 in Fighting
 14331 | Lair:4   | Received a gift from Trog
 14458 | Lair:4   | Reached skill level 1 in Shields
 14466 | Lair:4   | Found a hole to the Spider Nest.
 14841 | Lair:4   | You fall into a shaft and drop 1 floor!
 14905 | Lair:5   | Found a staircase to the Slime Pits.
 14926 | Lair:5   | Found a viscous altar of Jiyva.
 14984 | Lair:5   | Reached skill level 15 in Dodging
 15471 | Lair:6   | Entered Level 6 of the Lair of Beasts
 15559 | Lair:6   | Received a gift from Trog
 16455 | Lair:6   | Reached XP level 15. HP: 145/145 MP: 19/19
 16948 | Orc:1    | Entered Level 1 of the Orcish Mines
 16955 | Orc:1    | Reached ****** piety under Trog
 16961 | Orc:1    | Received a gift from Trog
 16976 | Orc:1    | Reached skill level 17 in Fighting
 17272 | Orc:2    | Entered Level 2 of the Orcish Mines
 17272 | Orc:2    | Noticed Saint Roka
 17281 | Orc:1    | Killed Saint Roka
 17377 | Orc:2    | Noticed an orc warlord
 17378 | Orc:2    | Reached skill level 5 in Shields
 17385 | Orc:2    | Demolished by an orc warrior

Levels and vault maps discovered:
D:1:      nicolae_arrival_washed_ashore, layout_rooms
D:2:      layout_loops_corners, cheibriados_altar_1, uniq_robin, uniq_sigmund,
          uniq_jessica
D:3:      layout_loops_ring, first_ration, hangedman_decor_opposing,
          uniq_grinder, uniq_crazy_yiuf_cottage
D:4:      layout_basic, lemuel_doored_altar, minmay_quadrilaterals
D:5:      layout_gridville
D:6:      cheibrodos_fertilizer, layout_cave_pools, lemuel_crystal_altar,
          minmay_temple_entry_overgrown
D:7:      layout_gridville, grunt_qazlal_clouds, uniq_maggie
D:8:      layout_basic, hangedman_ranch [blue_anna_fruit_fields], st_stairs_2
D:9:      layout_rooms, marbit_many_paths, lemuel_mausoleum_altar_yredelemnul,
          serial_shops, nicolae_shop_trees
D:10:     layout_long_grid, due_lair_maze_entry_diamond,
          gammafunk_ghost_abyssal_escape, minmay_misc_feat_iff,
          minmay_parallelograms, uniq_joseph, uniq_psyche
D:11:     layout_basic, minmay_orc_entry_guard_dogs, gauntlet_entry_generic,
          chequers_big_river, nicolae_ru_the_path_less_chosen, uniq_snorg,
          uniq_nergalle, uniq_urug
D:12:     layout_rooms, gammafunk_ghost_hive, serial_shops, shop,
          uniq_josephine, uniq_jorgrun
Temple:   minmay_temple_bridge_d
Lair:1:   layout_chaotic_city, basic_altar, uniq_erica
Lair:2:   cheibrodos_lair_river_kwai, layout_chaotic_city, grunt_megastairs_4,
          minmay_lair_oklob_chamber, serial_bayou_shore_b
Lair:3:   layout_small_grid, minmay_shoals_entry_lonely_mermaid,
          minmay_shattered_shrine, uniq_rupert
Lair:4:   layout_cave_pods, spider_nest_entry_webs, beast_lair_carwin_5
Lair:5:   layout_roguey, slime_altar_1
Lair:6:   due_jungle_book, layout_concentric_octagons,
          infiniplex_staircase_pool_2
Orc:1:    layout_caves
Orc:2:    grunt_orc_gardens, layout_caves, grunt_orc_garden, grunt_orc_garden,
          grunt_orc_garden, grunt_orc_garden, uniq_saint_roka

Skill      XL: |  1  2  3  4  5  6  7  8  9 10 11 12 13 14 15 |
---------------+----------------------------------------------+-----
Fighting       | 4 5 6 7 9 10 11 13 14 15 16 17 | 17.1
Dodging        | 3 4 5 6 7 9 10 12 13 14 15 | 15.8
Long Blades    | 4 5 6 7 9 10 11 12 | 12.9
Armour         | 3 4 5 6 7 8 9 10 11 12 | 12.7
Evocations     | 2 4 5 6 7 8 |  8.0
Shields        | 4 5 |  5.0

Action                   |  1- 3 |  4- 6 |  7- 9 | 10-12 | 13-15 || total
-------------------------+-------+-------+-------+-------+-------++-------
Melee: Falchion          |    68 |   137 |   315 |       |       ||   520
       Headbutt          |    12 |    19 |    86 |   107 |   158 ||   382
       Scimitar          |       |       |    66 |   190 |    52 ||   308
       Rapier            |       |       |       |    10 |       ||    10
       Great sword       |       |       |       |   146 |   338 ||   484
       Glaive            |       |       |       |       |     5 ||     5
       Whip              |       |       |       |       |     4 ||     4
Invok: Berserk           |       |     1 |     2 |     2 |       ||     5
Evoke: Wand              |       |       |       |     5 |       ||     5
  Use: Scroll            |       |       |       |    14 |     8 ||    22
       Potion            |       |       |       |     1 |     3 ||     4
 Stab: Sleeping          |       |       |       |     2 |     7 ||     9
       Distracted        |       |       |       |       |     1 ||     1
  Eat: Chunk             |       |     5 |    13 |    16 |    22 ||    56
       Ration            |       |       |     1 |       |       ||     1
Armor: Animal skin       |     3 |       |       |       |       ||     3
       Chain mail        |    22 |    69 |    84 |       |       ||   175
       Ring mail         |       |       |    61 |    67 |    94 ||   222
Dodge: Dodged            |    36 |    66 |   285 |   349 |   657 ||  1393
       Rpst.: Falchion   |     8 |    13 |    52 |       |       ||    73
       Scimitar          |       |       |    13 |    32 |    10 ||    55
       Great sword       |       |       |       |    33 |   111 ||   144

Table legend:
 A = Non-vault XP
 B = Vault XP
 C = Vault XP percentage of total XP
 D = Non-vault monster count
 E = Vault monster count
 F = Vault count percentage of total count
                 A         B        C        D         E       F
            +---------+---------+-------+---------+---------+-------
      Total |   63714 |   52663 |  45.3 |     466 |     161 |  25.7
            +---------+---------+-------+---------+---------+-------
        D:1 |      51 |       0 |   0.0 |      21 |       0 |   0.0
        D:2 |     104 |     306 |  74.6 |      26 |      14 |  35.0
        D:3 |      95 |     314 |  76.8 |      21 |       2 |   8.7
        D:4 |     141 |      45 |  24.2 |       9 |       2 |  18.2
        D:5 |     469 |       0 |   0.0 |      18 |       0 |   0.0
        D:6 |    1789 |     356 |  16.6 |      39 |      12 |  23.5
        D:7 |     625 |     379 |  37.7 |      13 |       1 |   7.1
        D:8 |     874 |    2283 |  72.3 |      11 |      11 |  50.0
        D:9 |    1554 |     770 |  33.1 |      40 |      12 |  23.1
       D:10 |    2378 |    4497 |  65.4 |      32 |      17 |  34.7
       D:11 |    7314 |    3667 |  33.4 |      41 |       8 |  16.3
       D:12 |    4180 |    7503 |  64.2 |      27 |      17 |  38.6
     Lair:1 |    3355 |     912 |  21.4 |      17 |       1 |   5.6
     Lair:2 |    2923 |    4361 |  59.9 |      12 |       9 |  42.9
     Lair:3 |    4578 |    7841 |  63.1 |      22 |      13 |  37.1
     Lair:4 |    4154 |    1896 |  31.3 |      13 |       8 |  38.1
     Lair:5 |    7866 |       0 |   0.0 |      17 |       0 |   0.0
     Lair:6 |   15863 |    2903 |  15.5 |      42 |       5 |  10.6
      Orc:1 |    4900 |    4997 |  50.5 |      36 |       3 |   7.7
      Orc:2 |     501 |     447 |  47.2 |       9 |       7 |  43.8
   Gauntlet |       0 |    9186 | 100.0 |       0 |      19 | 100.0
            +---------+---------+-------+---------+---------+-------
